 Dungeon Crawl Stone Soup version 0.21.1-1-g345015f (webtiles) character file.

858 HammerPanzer the Slasher (level 7, 0/96 HPs)
             Began as a Purple Draconian Berserker on Apr 4, 2018.
             Was a Believer of Trog.
             Slain by an orc warrior
             ... wielding a +0 long sword
              (21 damage)
             ... on level 6 of the Dungeon.
             The game lasted 00:17:43 (4889 turns).

HammerPanzer the Slasher (DrBe)                     Turns: 4889, Time: 00:17:44

Health: 0/96       AC:  8    Str: 26    XL:     7   Next: 71%
Magic:  25/25      EV: 11    Int:  7    God:    Trog [**....]
Gold:   292        SH:  3    Dex: 11    Spells: 6/6 levels left

rFire    . . .     SeeInvis .   a - +0 falchion
rCold    . . .     Gourm    .   l - +0 buckler
rNeg     . . .     Faith    .   (armour unavailable)
rPois    .         Spirit   .   (helmet restricted)
rElec    .         Reflect  .   f - +1 cloak {+Inv}
rCorr    .         Harm     .   (no gloves)
MR       +....                  (no boots)
Stlth    ..........             k - amulet of regeneration
HPRegen  0.66/turn              c - ring of magical power
MPRegen  0.19/turn              p - ring of magical power

@: berserking (expiring), drained, very quick
A: breathe power, unfitting armour, cold-blooded, AC +6
a: Breathe Dispelling Energy, Berserk, Trog's Hand, Burn Spellbooks, Renounce
Religion, Evoke Invisibility


You were on level 6 of the Dungeon.
You worshipped Trog.
Trog was pleased with you.
You were near starving.

You visited 1 branch of the dungeon, and saw 6 of its levels.

You collected 292 gold pieces.

Inventory:

Hand Weapons
 a - a +0 falchion (weapon)
Armour
 f - a +1 cloak of invisibility (worn)
 l - a +0 buckler (worn)
Jewellery
 c - a ring of magical power (left hand)
 k - an amulet of regeneration (around neck)
 p - a ring of magical power (right hand)
Scrolls
 e - 2 scrolls of enchant weapon {unknown}
 g - 7 scrolls of identify {unknown}
 h - a scroll of blinking {unknown}
 i - 7 scrolls of teleportation {unknown}
 j - 2 scrolls of remove curse {unknown}
 q - a scroll of enchant armour {unknown}
 t - a scroll of fog {unknown}
 w - a scroll of noise {unknown}
Potions
 d - 2 potions of curing
 m - a potion of mutation {unknown}
 n - a potion of heal wounds {unknown}
 o - a potion of haste {unknown}
 r - a potion of brilliance {unknown}
 s - a potion of flight {unknown}
 u - a potion of resistance {unknown}
Comestibles
 b - 8 rations


   Skills:
 + Level 6.4(6.0) Fighting
 * Level 7.8(7.4) Long Blades
 - Level 2.6(2.3) Dodging


You had 6 spell levels left.
You didn't know any spells.

Dungeon Overview and Level Annotations

Branches:
Dungeon (6/15)
 Temple: D:4-7

Altars:
Hepliaklqana
Okawaru
Xom


Innate Abilities, Weirdness & Mutations

You can breathe bolts of dispelling energy.
Your rich purple scales are hard. (AC +6)
You cannot fit into any form of body armour.
You are cold-blooded and may be slowed by cold attacks.


Message History

The gnoll sergeant hits you but does no damage.
The orc warrior misses you.
The gnoll sergeant hits you from afar with a trident.
* * * LOW HITPOINT WARNING * * *
You barely miss the orc warrior.
You tail-slap the orc warrior, but do no damage.
The orc warrior closely misses you.
You slash the orc warrior!
The orc warrior is moderately wounded.
The gnoll sergeant barely misses you. The gnoll sergeant closely misses you.
The orc warrior hits you with a long sword!
* * * LOW HITPOINT WARNING * * *
Your shield prevents you from hitting the orc warrior.
The orc warrior is moderately wounded.
The orc warrior barely misses you.
The gnoll sergeant hits you but does no damage. x2
You barely miss the orc warrior.
Your tail-slap misses the orc warrior.
The orc warrior is moderately wounded.
The orc warrior hits you with a long sword!!
You die...

.# #.## #.. #.# #..#
#..# #.#####..# #..#
......>.##..#
##...........# #..#
##.....## #..
##.####.......#
#...##...##..<#...#.#
#........@#...#...##
......#..oo......##
..>..####gg.....##
..... ##......# ....
#.......# ...
#......... ...
#..........
#..###..#.. ...#)#..#


You could see 2 orc warriors and 2 gnoll sergeants.

Vanquished Creatures
  Duvessa (D:5)
  A centaur (D:5)
  A gnoll sergeant (D:6)
  Dowan (D:5)
  3 wights (D:5)
  A crimson imp (D:5)
  A quasit (D:5)
  An orc priest (D:4)
  2 orc wizards
  Terence (D:3)
  An iguana (D:4)
  2 worker ants (D:4)
  5 adders
  A shadow imp (D:5)
  3 oozes
  3 worms
  2 dart slugs
  4 leopard geckos
  13 orcs
  5 goblins
  9 hobgoblins
  19 jackals
  4 quokkas
  A ball python (D:2)
  7 bats
  5 frilled lizards
  5 kobolds
  7 rats
109 creatures vanquished.

Notes
Turn   | Place    | Note
-------+----------+-------------------------------------------
     0 | D:1      | HammerPanzer the Draconian Berserker began the quest for the Orb.
     0 | D:1      | Reached XP level 1. HP: 19/19 MP: 1/1
   230 | D:1      | Reached XP level 2. HP: 26/26 MP: 2/2
  1057 | D:2      | Reached XP level 3. HP: 33/33 MP: 3/3
  1059 | D:2      | Reached ** piety under Trog
  1062 | D:2      | Reached skill level 4 in Long Blades
  1519 | D:2      | Reached XP level 4. HP: 33/40 MP: 4/4
  2344 | D:3      | Noticed Terence
  2353 | D:3      | Killed Terence
  2353 | D:3      | Reached skill level 5 in Long Blades
  2353 | D:3      | Reached XP level 5. HP: 47/47 MP: 5/5
  2856 | D:3      | Reached *** piety under Trog
  3017 | D:3      | Found a hazy altar of Hepliaklqana.
  3018 | D:3      | Found a shimmering altar of Xom.
  3018 | D:3      | Noticed a wyvern
  3019 | D:3      | Noticed a spectral ugly thing
  3019 | D:3      | Noticed a wyvern
  3282 | D:4      | Reached skill level 5 in Fighting
  3344 | D:4      | Reached XP level 6. HP: 49/56 MP: 6/6
  3357 | D:4      | Reached skill level 6 in Long Blades
  3757 | D:4      | Found an iron altar of Okawaru.
  3865 | D:5      | Entered Level 5 of the Dungeon
  4050 | D:5      | Your scales start taking on a rich purple colour.
  4050 | D:5      | Reached XP level 7. HP: 46/62 MP: 7/7
  4140 | D:5      | Reached skill level 7 in Long Blades
  4336 | D:5      | Noticed Duvessa
  4347 | D:5      | Noticed Dowan
  4354 | D:5      | Killed Duvessa
  4367 | D:5      | Killed Dowan
  4889 | D:6      | Slain by an orc warrior

Skill      XL: |  1  2  3  4  5  6  7 |
---------------+----------------------+-----
Long Blades    | 4 5 6 7 |  7.8
Fighting       | 4 5 6 |  6.4
Dodging        | |  2.6

Action                   |  1- 3 |  4- 6 |  7- 9 || total
-------------------------+-------+-------+-------++-------
Melee: Falchion          |    84 |   231 |    45 ||   360
       Tailslap          |    15 |    32 |    10 ||    57
Invok: Berserk           |     1 |     3 |     3 ||     7
 Abil: Breathe Dispellin |       |       |     1 ||     1
 Stab: Sleeping          |       |     1 |       ||     1
  Eat: Chunk             |     3 |    11 |     4 ||    18
Armor: Skin              |    24 |    92 |    10 ||   126
Dodge: Dodged            |    75 |   140 |    29 ||   244
Block: Buckler           |       |    21 |     8 ||    29
       Rpst.: Falchion   |    22 |    40 |     6 ||    68
